 Dungeon Crawl Stone Soup version 0.31-a0-1178-gc5c9b8f871 (webtiles) character file.

Game seed: 1888548402822026916

933 grandjackal the Trooper (level 7, 0/57 HPs)
             Began as a Demonspawn Gladiator on Dec 11, 2023.
             Slain by Duvessa
             ... wielding a +2 short sword of holy wrath
              (1 damage)
             ... on level 4 of the Dungeon.
             The game lasted 00:05:55 (4356 turns).

grandjackal the Trooper (Demonspawn Gladiator)      Turns: 4356, Time: 00:05:57

Health: 0/57       AC:  4    Str: 14 (16) XL:     7   Next: 86%
Magic:  7/7        EV: 12    Int: 16 (19) God:
Gold:   293        SH:  0    Dex: 13 (14) Spells: 3/6 levels left

rFire   . .          .
                       - Unarmed
rCold   . . .        (no shield)
rNeg    . . .        b - +0 leather armour
rPois   .            c - +0 helmet
rElec   .            (no cloak)
rCorr   .            (no gloves)
SInv    .            (no boots)
Will    +....        (no amulet)
Stlth   +            g - +6 ring of intelligence
HPRegen 0.29/turn    h - ring of willpower
MPRegen 0.10/turn

%: no passive effects
@: brilliant, attractive
A: claws 2, demonic guardian 1, big brain 2
a: no special abilities


You were on level 4 of the Dungeon.
You visited 1 branch of the dungeon, and saw 4 of its levels.
You also visited: Sewer.

You collected 293 gold pieces.

Inventory:

Hand Weapons
 a - a +0 war axe
 s - a +0 flail
Missiles
 d - 3 throwing nets
 e - a javelin
 i - 5 boomerangs (quivered)
Armour
 b - a +0 leather armour (worn)
 c - a +0 helmet (worn)
Jewellery
 g - a +6 ring of intelligence (left claw)
 h - a ring of willpower (right claw)
Wands
 q - a wand of polymorph (9)
Scrolls
 f - a scroll of fear {unknown}
 j - a scroll of amnesia {unknown}
 k - a scroll of fog {unknown}
 l - a scroll of revelation {unknown}
 n - a scroll of brand weapon {unknown}
 o - a scroll of noise {unknown}
 u - a scroll of enchant armour {unknown}
 w - a scroll of blinking {unknown}
 x - a scroll of enchant weapon {unknown}
 y - a scroll of identify {unknown}
 B - a scroll of poison {unknown}
Potions
 m - a potion of heal wounds {unknown}
 p - a potion of brilliance
 r - 2 potions of might
 t - a potion of degeneration
 v - a potion of curing {unknown}
 z - a potion of mutation {unknown}
 A - a potion of attraction


   Skills:
 + Level 5.6 Fighting
 - Level 3.1 Axes
 - Level 2.0 Throwing
 - Level 3.0 Dodging
 + Level 4.3 Unarmed Combat
 + Level 4.7 Necromancy


You had 3 spell levels left.
You knew the following spells:

 Your Spells              Type           Power      Damage    Failure   Level
a - Vampiric Draining     Necr           22%        2d7       14%         3

Your spell library contained the following spells:

 Spells                   Type           Power      Damage    Failure   Level
 Necrotise                Necr           88%        1d8       4%          1
 Shock                    Conj/Air       0%         1d3       32%         1
 Slow                     Hex            0%         N/A       32%         1
 Confusing Touch          Hex            0%         N/A       67%         3
 Sigil of Binding         Hex            0%         N/A       67%         3
 Swiftness                Air            0%         N/A       67%         3
 Agony                    Necr           22%        N/A       77%         5
 Airstrike                Air            0%         2d(0-16)  97%         4


Dungeon Overview and Level Annotations

Branches:
Dungeon (4/15)              Sewer (visited)
 Temple: D:4-7

Altars:

Annotations:
D:4 Dowan, Duvessa


Innate Abilities, Weirdness & Mutations

You have very sharp fingernails.
A weak demonic guardian rushes to your aid.
You have an extremely huge brain. (Int +4)


Message History

Duvessa is wielding a +2 short sword of holy wrath.
Dowan is wielding a +0 dagger and wearing a +0 robe of resistance.
There are monsters nearby!
There are monsters nearby!
An endoplasm comes into view.
Found 4 stones.
The endoplasm quivers.
Dowan gestures at Duvessa while chanting.
Duvessa seems to speed up.
Duvessa attacks as she pursues you!
Duvessa hits you with a +2 short sword of holy wrath!
You convulse!
You scratch Duvessa.
Duvessa is lightly wounded.
Duvessa hits you with a +2 short sword of holy wrath!
You convulse!
Duvessa closely misses you.
You are too injured to fight recklessly!
You are too injured to fight recklessly!
You scratch Duvessa.
Duvessa is moderately wounded.
Duvessa hits you with a +2 short sword of holy wrath!
* * * LOW HITPOINT WARNING * * *
You convulse!
* * * LOW HITPOINT WARNING * * *
A demonic guardian appears!
It was a potion of brilliance.
You feel clever all of a sudden.
Duvessa says, "My weaknesses are his strengths!"
Duvessa misses you. Dowan gestures at you while chanting.
Your iron imp is outlined in light.
Duvessa barely misses you.
Unknown command.
It was a potion of attraction.
You feel attractive to monsters.
Your iron imp misses Dowan.
Duvessa gestures with her weapon.
Duvessa hits you with a +2 short sword of holy wrath.
* * * LOW HITPOINT WARNING * * *
A demonic guardian appears!
You convulse.
You die...

##+## #?..######
#####.........
#.....e.......
#...........J.
#............. ######
#........(....
#....##
#e#############......
#.5e@.5.......'......
#+###########.#......
#...###.#.รท.|.)
...............
#.#.###.#######
...... #. #.# #
...... #.#+###.# . #.
#...... #....##.#
#.#.####.....
#....##.#


You could see Duvessa (fast, ally target), Dowan (ally target) and 2 friendly
iron imps.

Vanquished Creatures
  Pikel (D:4)
  2 bullfrogs (Sewer)
  An orc priest (D:3)
  Terence (D:2)
  Natasha (thrice) (D:2)
  10 adders
  2 river rats (Sewer)
  2 worms (D:4)
  2 dart slugs
  6 orcs
  18 ball pythons
  4 endoplasms
  2 giant cockroaches
  8 goblins
  7 hobgoblins
  4 jackals (D:1)
  7 kobolds
  2 quokkas
  4 bats
  7 frilled lizards
  17 rats
110 creatures vanquished.

Vanquished Creatures (collateral kills)
  An adder (Sewer)
  2 river rats (Sewer)
  A rat (Sewer)
4 creatures vanquished.

Grand Total: 114 creatures vanquished

Notes
Turn   | Place    | Note
-------+----------+-------------------------------------------
     0 | D:1      | grandjackal the Demonspawn Gladiator began the quest for
                  | the Orb.
     0 | D:1      | Reached XP level 1. HP: 16/16 MP: 1/1
   305 | D:1      | Gained mutation: You have an unusually large brain. (Int
                  | +2) [demonic ancestry]
   305 | D:1      | Reached XP level 2. HP: 19/22 MP: 2/2
  1013 | D:2      | Gained mutation: You have sharp fingernails. [demonic
                  | ancestry]
  1013 | D:2      | Reached XP level 3. HP: 28/28 MP: 3/3
  1198 | D:2      | Noticed Natasha
  1209 | D:2      | Killed Natasha
  1210 | D:2      | Reached skill level 3 in Fighting
  1210 | D:2      | Reached skill level 1 in Unarmed Combat
  1241 | D:2      | Noticed Natasha
  1248 | D:2      | Killed Natasha
  1249 | D:2      | Gained mutation: You have very sharp fingernails. [demonic
                  | ancestry]
  1249 | D:2      | Reached XP level 4. HP: 32/35 MP: 4/4
  1305 | D:2      | Learned a level 3 spell: Vampiric Draining
  1505 | D:2      | Noticed Natasha
  1511 | D:2      | Killed Natasha
  1571 | D:2      | Noticed Terence
  1587 | D:2      | Killed Terence
  1588 | D:2      | Reached skill level 1 in Necromancy
  1588 | D:2      | Gained mutation: You have an extremely huge brain. (Int +4)
                  | [demonic ancestry]
  1588 | D:2      | Reached XP level 5. HP: 36/41 MP: 5/5
  2715 | D:3      | Reached skill level 4 in Fighting
  3027 | D:4      | Noticed Pikel
  3027 | D:4      | Noticed a lemure
  3027 | D:4      | Noticed a lemure
  3045 | D:4      | Killed Pikel
  3046 | D:4      | Reached skill level 5 in Fighting
  3046 | D:4      | Gained mutation: A weak demonic guardian rushes to your
                  | aid. [demonic ancestry]
  3046 | D:4      | Reached XP level 6. HP: 12/51 MP: 6/6
  3046 | D:4      | Reached XP level 7. HP: 13/56 MP: 7/7
  3214 | D:4      | Found a glowing drain.
  3223 | Sewer    | Entered a sewer
  4347 | D:4      | Noticed Duvessa
  4347 | D:4      | Noticed Dowan
  4356 | D:4      | HP: 1/57 [Duvessa/+2 short sword of holy wrath (5)]
  4356 | D:4      | Slain by Duvessa

Illustrated notes

Levels and vault maps discovered:
D:1:      wheals_arrival_shading, layout_basic
D:2:      layout_basic, uniq_terence, uniq_natasha
D:3:      minmay_octagon_keep, layout_basic
D:4:      layout_basic, cheibrodos_sewer_entry_sluice, uniq_pikel, uniq_duvessa

Skill      XL: |  1  2  3  4  5  6  7 |
---------------+----------------------+-----
Throwing       | 2 |  2.0
Axes           | 3 |  3.1
Dodging        | 3 |  3.0
Fighting       | 3 5 |  5.6
Unarmed Combat | 1 3 4 |  4.3
Necromancy     | 1 4 |  4.7

Action                     |  1- 3 |  4- 6 |  7- 9 || total
---------------------------+-------+-------+-------++-------
  Melee: War axe           |    90 |   135 |    98 ||   323
         Punch             |     1 |     1 |     2 ||     4
         Unarmed           |       |    13 |    36 ||    49
   Cast: Vampiric Draining |       |       |     4 ||     4
    Use: Potion            |       |     2 |     6 ||     8
 Armour: Leather armour    |    64 |   106 |   166 ||   336
         Skin              |       |     3 |       ||     3
  Dodge: Dodged            |    57 |   123 |   156 ||   336

Table legend: (Time is in decaauts)
 A = Elapsed time spent in this place.
 B = Non-inter-level travel time spent in this place.
 C = Inter-level travel time spent in this place.
 D = Time resting spent in this place.
 E = Time spent auto-exploring this place.
 F = Levels seen in this place.
 G = Mean time per level.
                   A        B        C        D        E       F      G
               +--------+--------+--------+--------+--------+-----+--------+
         Total |   4498 |   4430 |     68 |   1075 |   2272 |   5 |  899.6 |
       Dungeon |   3729 |   3661 |     68 |    696 |   2255 |   4 |  932.2 |
         Sewer |    768 |    768 |      0 |    379 |     17 |   1 |  768.0 |
               +--------+--------+--------+--------+--------+-----+--------+

Top non-repeatable levels by time:
     D:2: 1135 daAuts
     D:3: 1087 daAuts
     D:1: 844 daAuts
   Sewer: 768 daAuts
     D:4: 663 daAuts
